cohdb
Replays
Latest Replays
All Replays
Popular Replays
Top Player Replays
Match Explorer
How It Works
Community
CoH3 Stats
Reddit
Sign in to upload your games and track your stats! →
Sign in with Steam
Match 42443925
Unlisted
Match 42443925
Overview
Messages
Build Orders
End
Kradschützen Motorcycle Team
Panzergrenadier Squad
Panzergrenadier Squad
Construct Light Support Kompanie
2.5-tonne Medical Truck
Selects Battlefield Espionage Battlegroup
Selects Intel Disruption Beacon
MG34 Team
Fire Support Elements
Pak 38 Mechanized Group
Flakvierling Half-track
Selects Transfer Depots
Veteran Squad Leaders
Selects 250/3 Funkpanzerwagen
Combat Half-tracks
le.IG 18 Mechanized Group
Construct Panzerarmee Kommand
Selects Anti-Tank Incendiary Munitions
Flakvierling Half-track
Construct Panzerarmee Kommand
MG34 Team
Flakvierling Half-track
Walking Stuka Rocket Launcher
Selects Firestorm
Selects Operation Skorpion
HulkSMASH
⚓️Ruby⚓
Zo͞olo͞oKōbrə
PAX AJAX
0
0
Comments
sign in to comment!
No comments posted yet!